 Dungeon Crawl Stone Soup version 0.25-a0-786-g5b70d41e48 (webtiles) character file.

Game seed: 9302076848880747035, levelgen mode: deterministic

37 DildoBatman the Magician (level 3, 0/24 HPs)
             Began as a Formicid Wizard on Apr 18, 2020.
             Slain by a bat (1 damage)
             ... on level 1 of the Dungeon.
             The game lasted 00:03:51 (1161 turns).

DildoBatman the Magician (Formicid Wizard)          Turns: 1161, Time: 00:03:52

Health: 0/24       AC:  2    Str: 11    XL:     3   Next: 62%
Magic:  4/7        EV: 12    Int: 18    God:
Gold:   54         SH:  0    Dex:  9    Spells: 1/8 levels left

rFire    . . .     SeeInvis +   a - +4 mace
rCold    . . .     Gourm    .   (no shield)
rNeg     . . .     Faith    .   f - +0 robe
rPois    .         Spirit   .   (helmet unavailable)
rElec    .         Reflect  .   (no cloak)
rCorr    .         Harm     .   (no gloves)
MR       .....                  (no boots)
Stlth    ++........             (no amulet)
HPRegen  0.08/turn              (no ring)
MPRegen  0.10/turn              (no ring)

@: no status effects
A: permanent stasis, dig shafts and tunnels, four strong arms, antennae 3
a: Dig, Shaft Self


You were on level 1 of the Dungeon.
You were not hungry.

You visited 1 branch of the dungeon, and saw 2 of its levels.

You collected 54 gold pieces.

Inventory:

Hand Weapons
 a - a +4 mace (weapon)
Missiles
 d - 43 stones (quivered)
Armour
 b - a cursed +0 kite shield
 f - a +0 robe (worn)
Scrolls
 e - a scroll of remove curse {unknown}
 g - a scroll of fog {unknown}
Comestibles
 c - 3 chunks of flesh
 v - 4 rations


   Skills:
 - Level 1.7 Dodging
 - Level 2.4 Stealth
 - Level 3.2 Spellcasting
 * Level 2.9 Conjurations
   Level 1.0 Summonings
   Level 0.8 Translocations


You had one spell level left.
You knew the following spells:

 Your Spells              Type           Power        Failure   Level  Hunger
a - Conjure Flame         Conj/Fire      #.......     26%         3    ###....
c - Magic Dart            Conj           ##..         4%          1    None
e - Mephitic Cloud        Conj/Pois/Air  #.......     32%         3    ###....

Your spell library contained the following spells:

 Spells                   Type           Power        Failure   Level  Hunger
 Call Imp                 Summ           #.......     16%         2    ##.....
 Slow                     Hex            #.......     24%         2    ##.....
 Blink                    Tloc           Unusable     N/A         2    N/A

Dungeon Overview and Level Annotations

Branches:
Dungeon (2/15)

Altars:


Innate Abilities, Weirdness & Mutations

You cannot be hasted, slowed, berserked, paralysed or teleported.
You can dig through walls and to a lower floor.
Your four strong arms can wield two-handed weapons with a shield.
You have a pair of large antennae on your head. (SInv)


Message History

The bat hits you but does no damage. x2
The kobold shouts!
You extend your mandibles.
You dig through the rock wall.
The bat completely misses you. The kobold barely misses you.
You retract your mandibles.
The bat barely misses you.
The kobold hits you with a +0 short sword of electrocution.
The bat hits you but does no damage. The bat misses you.
The bat closely misses you.
You see here a +0 club.
The bat hits you but does no damage. The bat misses you.
The bat hits you but does no damage. The bat hits you. The bat misses you.
The bat hits you.
You die...

.....# #......# #.......#..
.....########.### #####.......#..
..............#####.........###..
.................................
#####...........###..........##..
#..#######..# #........#.##..
#..#.)...#.####........#.....
#..#.........###########.###.
##.#...#####@# ###...#. ##
#.#...#<..#b# #....... .#
#.#.....#.#K# #.#...## .#
#.#g#####.#g# ##.#.....
.#####.#.#.....#)# #......##
.b.....#.g>#...#.## #...#...#
#####..#####...#..# #...#.#.#
#......g...#.## #...#.#..
#....#.....#.# #####.##.


You could see a gnoll, a bat and a kobold.

Vanquished Creatures
  An adder (D:2)
  A dart slug (D:1)
  2 bats (D:1)
  3 goblins (D:1)
  8 hobgoblins (D:1)
  4 jackals (D:1)
  A frilled lizard (D:1)
  A kobold (D:1)
  2 rats (D:1)
23 creatures vanquished.

Notes
Turn   | Place    | Note
-------+----------+-------------------------------------------
     0 | D:1      | DildoBatman the Formicid Wizard began the quest for the
                  | Orb.
     0 | D:1      | Reached XP level 1. HP: 13/13 MP: 4/4
   101 | D:1      | Reached skill level 1 in Conjurations
   330 | D:1      | Reached XP level 2. HP: 19/19 MP: 3/6
   662 | D:1      | Reached XP level 3. HP: 24/24 MP: 4/7
   667 | D:1      | Learned a level 3 spell: Conjure Flame
   671 | D:1      | Learned a level 3 spell: Mephitic Cloud
  1030 | D:1      | You fall into a shaft and drop 1 floor!
  1160 | D:1      | HP: 1/24 [bat (1)]
  1161 | D:1      | Slain by a bat

Levels and vault maps discovered:
D:1:      ebering_trefoil_twist, layout_basic
D:2:      layout_basic, grunt_temple_overflow_growth_and_decay,
          makhleb_grotto_becter, uniq_sigmund, uniq_jessica

Skill      XL: |  1  2 |
---------------+-------+-----
Conjurations   | 1 2 |  2.9
Dodging        | |  1.7
Stealth        | |  2.4
Spellcasting   | |  3.2
Summonings     | |  1.0
Translocations | |  0.8

Action                   || total
-------------------------++-------
Melee: Mace              ||    13
       Club              ||     1
 Cast: Magic Dart        ||    57
 Abil: Dig               ||     3
  Eat: Chunk             ||     1
Armor: Robe              ||    32
Dodge: Dodged            ||    68

Table legend:
 A = Non-vault XP
 B = Vault XP
 C = Vault XP percentage of total XP
 D = Non-vault monster count
 E = Vault monster count
 F = Vault count percentage of total count
                 A         B        C        D         E       F
            +---------+---------+-------+---------+---------+-------
      Total |      54 |       0 |   0.0 |      23 |       0 |   0.0
            +---------+---------+-------+---------+---------+-------
        D:1 |      40 |       0 |   0.0 |      22 |       0 |   0.0
        D:2 |      14 |       0 |   0.0 |       1 |       0 |   0.0
            +---------+---------+-------+---------+---------+-------
